PECOS
GARDEN CITY WIND @ ALPINE COWBOYS
08/07/2068
 
TOP OF THE 1ST
Round Rock Express batting - Pitching for Albuquerque Isotopes : RHP Mike Burkinshaw
Pitching: RHP Mike Burkinshaw
Batting: RHB Jamie Mason 0-0: Called Strike
0-1: Ball
1-1: Ball
2-1: SINGLE (Line Drive, 78S, EV 99.4 MPH)
Batting: RHB Eddie Rolon 0-0: Ball
1-0: Called Strike
1-1: Called Strike
1-2: Ball
2-2: Grounds into double play, 5-4-3 (Groundball, 56S, EV 89.4 MPH)
Batting: LHB Pedro Juarez 0-0: Called Strike
0-1: Ball
1-1: Foul Ball, location: 2F
1-2: Ball
2-2: Fly out, F8 (Line Drive, 8RD, EV 100.0 MPH)
Top of the 1st over - 0 runs, 1 hit, 0 errors, 0 left on base; Round Rock 0 - Albuquerque 0
BOTTOM OF THE 1ST
Albuquerque Isotopes batting - Pitching for Round Rock Express : RHP Cody Wykoff
Pitching: RHP Cody Wykoff
Batting: LHB Ryan Fleming 0-0: Called Strike
0-1: Ball
1-1: Ball
2-1: Foul Ball, location: 2F
2-2: SOLO HOME RUN (Flyball, 7LD, EV 104.4 MPH), Distance : 368 ft
Batting: SHB Travis Jarman 0-0: Ball
1-0: Ball
2-0: Foul Ball, location: 2F
2-1: Foul Ball, location: 2F
2-2: Strikes out swinging
Batting: LHB Joe Fryman 0-0: Ball
1-0: Foul Ball, location: 2F
1-1: SINGLE (Groundball, 3D, EV 108.1 MPH)
Batting: RHB Miguel Leon 0-0: Ball
1-0: Ball
2-0: Called Strike
2-1: Foul Ball, location: 2F
2-2: Ball
3-2: Strikes out swinging
Batting: SHB Luis Ruz 0-0: Ball
1-0: Ball
2-0: Called Strike
2-1: Foul Ball, location: 2F
2-2: Ball
3-2: Strikes out swinging
Bottom of the 1st over - 1 run, 2 hits, 0 errors, 1 left on base; Round Rock 0 - Albuquerque 1
TOP OF THE 2ND
Round Rock Express batting - Pitching for Albuquerque Isotopes : RHP Mike Burkinshaw
Batting: RHB Jason LaCroix 0-0: Foul Ball, location: 2F
0-1: Swinging Strike
0-2: Strikes out swinging
Batting: LHB Sam Randall 0-0: Ball
1-0: Ball
2-0: Ball
3-0: Base on Balls
Batting: LHB Jessie Brubaker 0-0: Called Strike
0-1: Ball
1-1: Foul Ball, location: 2F
1-2: Foul Ball, location: 2F
1-2: Fielders Choice at 2nd, 3-6 (Groundball, 34, EV 98.8 MPH)
Batting: LHB Travis Morris 0-0: Fly out, F8 (Flyball, 89XD, EV 83.8 MPH)
Top of the 2nd over - 0 runs, 0 hits, 0 errors, 1 left on base; Round Rock 0 - Albuquerque 1
BOTTOM OF THE 2ND
Albuquerque Isotopes batting - Pitching for Round Rock Express : RHP Cody Wykoff
Batting: RHB Andrew Hall 0-0: Fly out, F7 (Flyball, 78D, EV 96.2 MPH)
Batting: SHB Prince Scott 0-0: Ball
1-0: Ball
2-0: Called Strike
2-1: Foul Ball, location: 2F
2-2: Fly out, F7 (Flyball, 7LM, EV 90.6 MPH)
Batting: LHB Caleb Miller 0-0: Called Strike
0-1: Ball
1-1: Ball
2-1: Bunted foul
2-2: Ground out 6-3 (Groundball, 6M, EV 80.6 MPH)
Bottom of the 2nd over - 0 runs, 0 hits, 0 errors, 0 left on base; Round Rock 0 - Albuquerque 1
TOP OF THE 3RD
Round Rock Express batting - Pitching for Albuquerque Isotopes : RHP Mike Burkinshaw
Batting: RHB Lorenzo Rossi 0-0: Ball
1-0: Ball
2-0: Ball
3-0: Base on Balls
Batting: RHB Justin Bodkins 0-0: Ball
1-0: Ball
2-0: Swinging Strike
2-1: Foul Ball, location: 2F
2-2: Foul Ball, location: 2F
2-2: Strikes out swinging
Batting: RHB Jamie Mason 0-0: Called Strike
0-1: Swinging Strike
0-2: Ball
1-2: Fielders Choice at 2nd, 3-6 (Groundball, 3S, EV 85.0 MPH)
Batting: RHB Eddie Rolon 0-0: Ball
1-0: Called Strike
1-1: Ball
2-1: Fly out, F9 (Flyball, 9D, EV 84.4 MPH)
Top of the 3rd over - 0 runs, 0 hits, 0 errors, 1 left on base; Round Rock 0 - Albuquerque 1
BOTTOM OF THE 3RD
Albuquerque Isotopes batting - Pitching for Round Rock Express : RHP Cody Wykoff
Batting: RHB Jay Ortiz 0-0: Swinging Strike
0-1: Ground out 6-3 (Groundball, 6, EV 81.2 MPH)
Batting: LHB Ryan Fleming 0-0: Called Strike
0-1: Called Strike
0-2: Foul Ball, location: 2F
0-2: SINGLE (Line Drive, 6M, EV 96.2 MPH)
Batting: SHB Travis Jarman 0-0: Ball
1-0: Called Strike
1-1: SINGLE (Groundball, 4MS, EV 75.0 MPH) (infield hit)
Ryan Fleming to second
Batting: LHB Joe Fryman 0-0: SINGLE (Line Drive, 9LS, EV 100.0 MPH)
Ryan Fleming to third
Travis Jarman to second
Runner from 3rd tries for Home, SAFE, throw by RF to home
Batting: RHB Miguel Leon 0-0: Called Strike
0-1: Ball
1-1: Swinging Strike
1-2: Foul Ball, location: 2F
1-2: Ball
2-2: Fly out, F8 (Flyball, 8LXD, EV 100.0 MPH)
Runner from 2nd tags up, SAFE at 3rd, no throw by CF
Batting: SHB Luis Ruz 0-0: Ball
1-0: Called Strike
1-1: Called Strike
1-2: Ball
2-2: Fly out, F7 (Flyball, 7S, EV 96.2 MPH)
Bottom of the 3rd over - 1 run, 3 hits, 0 errors, 2 left on base; Round Rock 0 - Albuquerque 2
TOP OF THE 4TH
Round Rock Express batting - Pitching for Albuquerque Isotopes : RHP Mike Burkinshaw
Batting: LHB Pedro Juarez 0-0: Ball
1-0: Called Strike
1-1: Swinging Strike
1-2: SINGLE (Line Drive, 8LS, EV 101.9 MPH)
Batting: RHB Jason LaCroix 0-0: Ball
1-0: Foul Ball, location: 2F
1-1: Ball
2-1: DOUBLE (Flyball, 89D, EV 96.9 MPH)
Pedro Juarez to third
Batting: LHB Sam Randall 0-0: Fly out, F8 (Flyball, 8RXD, EV 108.8 MPH)
Runner from 3rd tags up, SCORES, no throw by CF
Batting: LHB Jessie Brubaker 0-0: 2-RUN HOME RUN (Flyball, 89XD, EV 98.1 MPH), Distance : 440 ft
Batting: LHB Travis Morris 0-0: Called Strike
0-1: Called Strike
0-2: Ball
1-2: Ball
2-2: Ball
3-2: Fly out, F8 (Flyball, 8LS, EV 97.5 MPH)
Batting: RHB Lorenzo Rossi 0-0: Ball
1-0: Called Strike
1-1: Ball
2-1: Fly out, F7 (Line Drive, 7, EV 93.8 MPH)
Top of the 4th over - 3 runs, 3 hits, 0 errors, 0 left on base; Round Rock 3 - Albuquerque 2
BOTTOM OF THE 4TH
Albuquerque Isotopes batting - Pitching for Round Rock Express : RHP Cody Wykoff
Batting: RHB Andrew Hall 0-0: Ball
1-0: Foul Ball, location: 2F
1-1: Called Strike
1-2: Strikes out swinging
Batting: SHB Prince Scott 0-0: Called Strike
0-1: Foul Ball, location: 2F
0-2: Ball
1-2: Ground out 6-3 (Groundball, 6, EV 91.2 MPH)
Batting: LHB Caleb Miller 0-0: Foul Ball, location: 2F
0-1: Foul Ball, location: 2F
0-2: Ball
1-2: Ball
2-2: Ball
3-2: Foul Ball, location: 2F
3-2: Ground out 4-3 (Groundball, 4, EV 98.1 MPH)
Bottom of the 4th over - 0 runs, 0 hits, 0 errors, 0 left on base; Round Rock 3 - Albuquerque 2
TOP OF THE 5TH
Round Rock Express batting - Pitching for Albuquerque Isotopes : RHP Mike Burkinshaw
Batting: RHB Justin Bodkins 0-0: Called Strike
0-1: Fly out, F8 (Flyball, 78D, EV 88.8 MPH)
Batting: RHB Jamie Mason 0-0: Ball
1-0: Ball
2-0: Foul Ball, location: 2F
2-1: Ball
3-1: Ground out 6-3 (Groundball, 56, EV 105.0 MPH)
Batting: RHB Eddie Rolon 0-0: Ball
1-0: Foul Ball, location: 2F
1-1: Ball
2-1: Ground out 5-3 (Groundball, 5S, EV 89.4 MPH)
Top of the 5th over - 0 runs, 0 hits, 0 errors, 0 left on base; Round Rock 3 - Albuquerque 2
BOTTOM OF THE 5TH
Albuquerque Isotopes batting - Pitching for Round Rock Express : RHP Cody Wykoff
Batting: RHB Jay Ortiz 0-0: Ball
1-0: SINGLE (Line Drive, 9S, EV 87.5 MPH)
Batting: LHB Ryan Fleming 0-0: Called Strike
0-1: Bunt missed!
0-2: Ball
1-2: Ball
2-2: Fly out, F8 (Flyball, 8RD, EV 95.0 MPH)
Batting: SHB Travis Jarman 0-0: Ball
1-0: Ball
2-0: Fly out, F9 (Flyball, 9, EV 80.0 MPH)
Batting: LHB Joe Fryman 0-0: Fly out, F2 (Popup, 13S, EV 86.9 MPH)
Bottom of the 5th over - 0 runs, 1 hit, 0 errors, 1 left on base; Round Rock 3 - Albuquerque 2
TOP OF THE 6TH
Round Rock Express batting - Pitching for Albuquerque Isotopes : RHP Mike Burkinshaw
Batting: LHB Pedro Juarez 0-0: Ball
1-0: Called Strike
1-1: Fly out, F9 (Flyball, 9S, EV 86.2 MPH)
Batting: RHB Jason LaCroix 0-0: Swinging Strike
0-1: Foul Ball, location: 2F
0-2: Ball
1-2: Strikes out looking
Batting: LHB Sam Randall 0-0: Ball
1-0: Fly out, F7 (Flyball, 78S, EV 90.0 MPH)
Top of the 6th over - 0 runs, 0 hits, 0 errors, 0 left on base; Round Rock 3 - Albuquerque 2
BOTTOM OF THE 6TH
Albuquerque Isotopes batting - Pitching for Round Rock Express : RHP Cody Wykoff
Batting: RHB Miguel Leon 0-0: Ball
1-0: Called Strike
1-1: SOLO HOME RUN (Flyball, 78XD, EV 91.2 MPH), Distance : 417 ft
Batting: SHB Luis Ruz 0-0: SINGLE (Line Drive, 4D, EV 104.4 MPH)
Batting: RHB Andrew Hall 0-0: Bunt missed!
0-1: Bunted foul
0-2: Ball
1-2: Ball
2-2: Foul Ball, location: 2F
2-2: Foul Ball, location: 2F
2-2: Ball
3-2: Fly out, F9 (Flyball, 9, EV 88.1 MPH)
Batting: SHB Prince Scott 0-0: Ball
1-0: Swinging Strike
1-1: Foul Ball, location: 2F
1-2: Ball
2-2: Foul Ball, location: 2F
2-2: Foul Ball, location: 2F
2-2: Strikes out looking
Batting: LHB Caleb Miller 0-0: Ground out 1-3 (Groundball, 13S, EV 68.1 MPH)
Bottom of the 6th over - 1 run, 2 hits, 0 errors, 1 left on base; Round Rock 3 - Albuquerque 3
TOP OF THE 7TH
Round Rock Express batting - Pitching for Albuquerque Isotopes : RHP Mike Burkinshaw
Batting: LHB Jessie Brubaker 0-0: Swinging Strike
0-1: Ball
1-1: Ball
2-1: Foul Ball, location: 2F
2-2: Foul Ball, location: 2F
2-2: Ball
3-2: Strikes out swinging
Batting: LHB Travis Morris 0-0: Foul Ball, location: 2F
0-1: Foul Ball, location: 2F
0-2: Ball
1-2: Strikes out swinging
Batting: RHB Lorenzo Rossi 0-0: Ball
1-0: Foul Ball, location: 2F
1-1: Foul Ball, location: 2F
1-2: Ball
2-2: Foul Ball, location: 2F
2-2: Fly out, F8 (Flyball, 8RM, EV 93.1 MPH)
Top of the 7th over - 0 runs, 0 hits, 0 errors, 0 left on base; Round Rock 3 - Albuquerque 3
BOTTOM OF THE 7TH
Albuquerque Isotopes batting - Pitching for Round Rock Express : RHP Cody Wykoff
Batting: RHB Jay Ortiz 0-0: Swinging Strike
0-1: Foul Ball, location: 2F
0-2: Fly out, F9 (Flyball, 9LM, EV 88.1 MPH)
Batting: LHB Ryan Fleming 0-0: Swinging Strike
0-1: Called Strike
0-2: Ball
1-2: Fly out, F9 (Flyball, 9S, EV 90.0 MPH)
Batting: SHB Travis Jarman 0-0: Foul Ball, location: 2F
0-1: Ball
1-1: Ground out 4-3 (Groundball, 34D, EV 85.0 MPH)
Bottom of the 7th over - 0 runs, 0 hits, 0 errors, 0 left on base; Round Rock 3 - Albuquerque 3
TOP OF THE 8TH
Round Rock Express batting - Pitching for Albuquerque Isotopes : RHP Mike Burkinshaw
Pitching: RHP Nate Steele
Batting: RHB Justin Bodkins 0-0: Ball
1-0: Ball
2-0: Ball
3-0: Base on Balls
Batting: RHB Jamie Mason 0-0: Ball
1-0: Ball
2-0: Bunt missed!
2-1: Ball
3-1: Bunt missed!
3-2: Strikes out swinging
Batting: RHB Eddie Rolon 0-0: Ball
1-0: Ball
2-0: Ball
3-0: Base on Balls
Justin Bodkins to second
Pinch Runner at 2nd Aaron Proctor:
Batting: LHB Pedro Juarez 0-0: Foul Ball, location: 2F
0-1: Called Strike
0-2: Ground out 4-3 (Groundball, 34D, EV 96.9 MPH)
Aaron Proctor to third
Eddie Rolon to second
Batting: RHB Jason LaCroix 0-0: Called Strike
0-1: Called Strike
0-2: Ball
1-2: Ball
2-2: Foul Ball, location: 2F
2-2: Strikes out swinging
Top of the 8th over - 0 runs, 0 hits, 0 errors, 2 left on base; Round Rock 3 - Albuquerque 3
BOTTOM OF THE 8TH
Albuquerque Isotopes batting - Pitching for Round Rock Express : RHP Cody Wykoff
Pitching: LHP Matt Pugh
Now at C: Miguel Frausto
Batting: LHB Joe Fryman 0-0: Ball
1-0: Foul Ball, location: 2F
1-1: Foul Ball, location: 2F
1-2: Fly out, F1 (Line Drive, P, EV 65.0 MPH)
Batting: RHB Miguel Leon 0-0: Ball
1-0: Ball
2-0: Foul Ball, location: 2F
2-1: Ball
3-1: Foul Ball, location: 2F
3-2: Fly out, F8 (Flyball, 8RD, EV 90.6 MPH)
Batting: SHB Luis Ruz 0-0: Ball
1-0: Ball
2-0: Foul Ball, location: 2F
2-1: Foul Ball, location: 2F
2-2: Strikes out swinging
Bottom of the 8th over - 0 runs, 0 hits, 0 errors, 0 left on base; Round Rock 3 - Albuquerque 3
TOP OF THE 9TH
Round Rock Express batting - Pitching for Albuquerque Isotopes : RHP Nate Steele
Batting: LHB Sam Randall 0-0: Foul Ball, location: 2F
0-1: Foul Ball, location: 2F
0-2: Ball
1-2: Strikes out swinging
Batting: LHB Jessie Brubaker 0-0: Swinging Strike
0-1: Called Strike
0-2: Strikes out looking
Batting: LHB Travis Morris 0-0: Ball
1-0: Foul Ball, location: 2F
1-1: Ball
2-1: Foul Ball, location: 2F
2-2: Ball
3-2: Strikes out swinging
Top of the 9th over - 0 runs, 0 hits, 0 errors, 0 left on base; Round Rock 3 - Albuquerque 3
BOTTOM OF THE 9TH
Albuquerque Isotopes batting - Pitching for Round Rock Express : LHP Matt Pugh
Pitching: RHP Lee Ratcliffe
Batting: RHB Andrew Hall 0-0: Ball
1-0: Ball
2-0: Called Strike
2-1: Ball
3-1: SINGLE (Groundball, 4MD, EV 95.6 MPH)
Batting: SHB Prince Scott 0-0: Ball
1-0: Bunted foul
1-1: Bunt missed!
1-2: SINGLE (Line Drive, 8LS, EV 93.8 MPH)
Andrew Hall to second
Batting: LHB Caleb Miller 0-0: Sac Bunt to 3S - play at first, batter OUT! 3-1
Andrew Hall to third
Prince Scott to second
Pinch Hitting: LHB Danny Avila 0-0: Called Strike
0-1: Ball
1-1: Foul Ball, location: 2F
1-2: Strikes out swinging
Batting: LHB Ryan Fleming 0-0: Intentional Walk
Batting: SHB Travis Jarman 0-0: Called Strike
0-1: GRAND SLAM HOME RUN (Flyball, 9D, EV 98.8 MPH), Distance : 410 ft
Bottom of the 9th over - 4 runs, 3 hits, 0 errors, 0 left on base; Round Rock 3 - Albuquerque 7
Saturday, June 19th , 2021 - OOTP Baseball 22.6 Build 56